| TOP OF THE 1ST |
|
Chicago Cubs batting - Pitching for Milwaukee Brewers : LHP Lewis Thorpe Jr.
|
|
Pitching: LHP Lewis Thorpe Jr.
|
|
|
Batting: RHB Josh Kalman
|
0-0: Ball 1-0: Ball 2-0: Swinging Strike 2-1: Foul Ball, location: 2F 2-2: Foul Ball, location: 2F 2-2: Strikes out swinging
|
|
Batting: RHB Steve Bartman Jr.
|
0-0: Swinging Strike 0-1: Swinging Strike 0-2: Ball 1-2: Ball 2-2: SINGLE (Groundball, 4MS, EV 86.9 MPH) (infield hit)
|
|
Batting: SHB Karl Starnes
|
0-0: Swinging Strike 0-1: Swinging Strike 0-2: Strikes out swinging
|
|
Batting: RHB Jose Balderrama
|
0-0: Called Strike 0-1: Ball Steve Bartman Jr. steals 2nd base 1-1: Ground out 6-3 (Groundball, 6, EV 91.2 MPH)
|
| Top of the 1st over - 0 runs, 1 hit, 0 errors, 1 left on base; Chicago 0 - Milwaukee 0 |
| BOTTOM OF THE 1ST |
|
Milwaukee Brewers batting - Pitching for Chicago Cubs : RHP Brian Bailes
|
|
Pitching: RHP Brian Bailes
|
|
|
Batting: SHB Lewis Thorpe Jr.
|
0-0: Ball 1-0: Foul Ball, location: 2F 1-1: Foul Ball, location: 2F 1-2: Ball 2-2: Foul Ball, location: 2F 2-2: Ball 3-2: Foul Ball, location: 2F 3-2: SOLO HOME RUN (Flyball, 78XD, EV 111.2 MPH), Distance : 435 ft
|
|
Batting: RHB Akitada Nishizawa
|
0-0: Ball 1-0: Called Strike 1-1: Ball 2-1: Ball 3-1: Ground out 1-3 (Groundball, 13S, EV 69.4 MPH)
|
|
Batting: LHB Eric Klasek
|
0-0: Ball 1-0: Called Strike 1-1: Foul Ball, location: 2F 1-2: Strikes out swinging
|
|
Batting: LHB Ernesto Cedillos
|
0-0: Ground out 5-3 (Groundball, 56, EV 95.0 MPH)
|
| Bottom of the 1st over - 1 run, 1 hit, 0 errors, 0 left on base; Chicago 0 - Milwaukee 1 |
| TOP OF THE 2ND |
|
Chicago Cubs batting - Pitching for Milwaukee Brewers : LHP Lewis Thorpe Jr.
|
|
Batting: SHB Moe Lester
|
0-0: Called Strike 0-1: Swinging Strike 0-2: Foul Ball, location: 2F 0-2: Strikes out looking
|
|
Batting: RHB Heef Harted
|
0-0: Ball 1-0: Ball 2-0: Ball 3-0: Called Strike 3-1: Foul Ball, location: 2F 3-2: Strikes out looking
|
|
Batting: RHB Alan Oxenrider
|
0-0: Ball 1-0: Called Strike 1-1: Called Strike 1-2: Ball 2-2: Strikes out looking
|
| Top of the 2nd over - 0 runs, 0 hits, 0 errors, 0 left on base; Chicago 0 - Milwaukee 1 |
| BOTTOM OF THE 2ND |
|
Milwaukee Brewers batting - Pitching for Chicago Cubs : RHP Brian Bailes
|
|
Batting: RHB Daniel Donovan
|
0-0: Ball 1-0: Ball 2-0: Called Strike 2-1: Ball 3-1: Foul Ball, location: 2F 3-2: Base on Balls
|
|
Batting: RHB Jose Morrissey
|
0-0: Fly out, F8 (Flyball, 8LM, EV 87.5 MPH)
|
|
Batting: RHB Sadataka Kuwahara
|
0-0: Ball 1-0: Foul Ball, location: 2F 1-1: Called Strike 1-2: Ball 2-2: Strikes out swinging Daniel Donovan steals 2nd base Batter strikes out.
|
|
Batting: RHB Vinny Estrada
|
0-0: Foul Ball, location: 2F 0-1: Foul Ball, location: 2F 0-2: Strikes out swinging
|
| Bottom of the 2nd over - 0 runs, 0 hits, 0 errors, 1 left on base; Chicago 0 - Milwaukee 1 |
| TOP OF THE 3RD |
|
Chicago Cubs batting - Pitching for Milwaukee Brewers : LHP Lewis Thorpe Jr.
|
|
Batting: LHB Mark Ingram
|
0-0: Called Strike 0-1: SINGLE (Groundball, 4MD, EV 93.8 MPH)
|
|
Batting: LHB Jon Schick
|
0-0: Foul Ball, location: 2F 0-1: Foul Ball, location: 2F 0-2: Strikes out swinging
|
|
Batting: RHB Josh Kalman
|
0-0: Ball 1-0: Ball 2-0: Ball 3-0: Called Strike 3-1: Foul Ball, location: 2F 3-2: Grounds into double play, 4-6-3 (Groundball, 4, EV 106.2 MPH)
|
| Top of the 3rd over - 0 runs, 1 hit, 0 errors, 0 left on base; Chicago 0 - Milwaukee 1 |
| BOTTOM OF THE 3RD |
|
Milwaukee Brewers batting - Pitching for Chicago Cubs : RHP Brian Bailes
|
|
Batting: RHB Dan Allred
|
0-0: Ball 1-0: Called Strike 1-1: Ground out 4-3 (Groundball, 4, EV 107.5 MPH)
|
|
Batting: SHB Lewis Thorpe Jr.
|
0-0: Called Strike 0-1: SINGLE (Line Drive, 78S, EV 105.6 MPH)
|
|
Batting: RHB Akitada Nishizawa
|
0-0: Ball Wild Pitch! Lewis Thorpe Jr. to second 1-0: Ball 2-0: Called Strike 2-1: Ball 3-1: Swinging Strike 3-2: Foul Ball, location: 2F 3-2: Fly out, F8 (Flyball, 8LM, EV 93.1 MPH)
|
|
Batting: LHB Eric Klasek
|
0-0: Ball 1-0: Fly out, F6 (Popup, 6MD, EV 43.1 MPH)
|
| Bottom of the 3rd over - 0 runs, 1 hit, 0 errors, 1 left on base; Chicago 0 - Milwaukee 1 |
| TOP OF THE 4TH |
|
Chicago Cubs batting - Pitching for Milwaukee Brewers : LHP Lewis Thorpe Jr.
|
|
Batting: RHB Steve Bartman Jr.
|
0-0: Ball 1-0: Ball 2-0: Swinging Strike 2-1: SINGLE (Groundball, 4D, EV 104.4 MPH)
|
|
Batting: SHB Karl Starnes
|
0-0: Called Strike 0-1: Ball 1-1: Called Strike 1-2: Ball 2-2: Grounds into double play, 6-4-3 (Groundball, 6, EV 78.8 MPH)
|
|
Batting: RHB Jose Balderrama
|
0-0: Ball 1-0: Called Strike 1-1: Foul Ball, location: 2F 1-2: Ball 2-2: Foul Ball, location: 2F 2-2: Ground out 2-3 (Groundball, 2L, EV 67.5 MPH)
|
| Top of the 4th over - 0 runs, 1 hit, 0 errors, 0 left on base; Chicago 0 - Milwaukee 1 |
| BOTTOM OF THE 4TH |
|
Milwaukee Brewers batting - Pitching for Chicago Cubs : RHP Brian Bailes
|
|
Batting: LHB Ernesto Cedillos
|
0-0: Ball 1-0: Foul Ball, location: 2F 1-1: Ground out 3-1 (Groundball, 13, EV 78.8 MPH)
|
|
Batting: RHB Daniel Donovan
|
0-0: Foul Ball, location: 2F 0-1: Ball 1-1: Foul Ball, location: 2F 1-2: Strikes out looking
|
|
Batting: RHB Jose Morrissey
|
0-0: Called Strike 0-1: Ball 1-1: Foul Ball, location: 2F 1-2: Foul Ball, location: 2F 1-2: Ball 2-2: Ball 3-2: Foul Ball, location: 2F 3-2: Base on Balls
|
|
Batting: RHB Sadataka Kuwahara
|
0-0: Foul Ball, location: 2F 0-1: Ball 1-1: Hit by Pitch Jose Morrissey to second
|
|
Batting: RHB Vinny Estrada
|
0-0: Ball 1-0: SINGLE (Groundball, 6S, EV 70.6 MPH) (infield hit) Jose Morrissey to third Sadataka Kuwahara to second
|
|
Batting: RHB Dan Allred
|
0-0: Called Strike 0-1: Ground out 5-3 (Groundball, 56S, EV 62.5 MPH)
|
| Bottom of the 4th over - 0 runs, 1 hit, 0 errors, 3 left on base; Chicago 0 - Milwaukee 1 |
| TOP OF THE 5TH |
|
Chicago Cubs batting - Pitching for Milwaukee Brewers : LHP Lewis Thorpe Jr.
|
|
Now at C: Ben Campbell
|
|
|
Now in LF: Eric Klasek
|
|
|
Now in RF: Gabe Harvey
|
|
|
Batting: SHB Moe Lester
|
0-0: Ball 1-0: Ball 2-0: Ground out 5-3 (Groundball, 56, EV 98.1 MPH)
|
|
Batting: RHB Heef Harted
|
0-0: Called Strike 0-1: Fly out, F8 (Flyball, 8LM, EV 85.0 MPH)
|
|
Batting: RHB Alan Oxenrider
|
0-0: Swinging Strike 0-1: Foul Ball, location: 2F 0-2: Ball 1-2: Ground out 3-1 (Groundball, 34, EV 83.1 MPH)
|
| Top of the 5th over - 0 runs, 0 hits, 0 errors, 0 left on base; Chicago 0 - Milwaukee 1 |
| BOTTOM OF THE 5TH |
|
Milwaukee Brewers batting - Pitching for Chicago Cubs : RHP Brian Bailes
|
|
Pitching: RHP Ryohei Uda
|
|
|
Now in CF: Brian Gargis
|
|
|
Now in RF: Jon Schick
|
|
|
Batting: SHB Lewis Thorpe Jr.
|
0-0: Called Strike 0-1: Ball 1-1: Ball 2-1: Ball 3-1: Foul Ball, location: 2F 3-2: Base on Balls
|
|
Pinch Hitting: LHB Alfredo de la Cruz
|
0-0: Ball 1-0: Fielders Choice at 2nd, U6 (Groundball, 4MD, EV 80.6 MPH)
|
|
Batting: LHB Eric Klasek
|
0-0: Foul Ball, location: 2F 0-1: Swinging Strike 0-2: Ball 1-2: Ball 2-2: Strikes out swinging
|
|
Pinch Hitting: RHB Dave Gonzalez
|
0-0: Ball 1-0: Foul Ball, location: 2F 1-1: Ball 2-1: Called Strike 2-2: Strikes out swinging
|
| Bottom of the 5th over - 0 runs, 0 hits, 0 errors, 1 left on base; Chicago 0 - Milwaukee 1 |
| TOP OF THE 6TH |
|
Chicago Cubs batting - Pitching for Milwaukee Brewers : LHP Lewis Thorpe Jr.
|
|
Pitching: RHP Junzo Yanagisawa
|
|
|
Now at 1B: Dave Gonzalez
|
|
|
Now at 2B: Adrian Rudkilde
|
|
|
Now in LF: Jamel Wright
|
|
|
Now in CF: Alfredo de la Cruz
|
|
|
Batting: LHB Mark Ingram
|
0-0: Called Strike 0-1: Foul Ball, location: 2F 0-2: Strikes out swinging
|
|
Batting: LHB Jon Schick
|
0-0: Called Strike 0-1: Foul Ball, location: 2F 0-2: Strikes out swinging
|
|
Batting: RHB Brian Gargis
|
0-0: Ball 1-0: Ball 2-0: Ball 3-0: Called Strike 3-1: Called Strike 3-2: Fly out, F3 (Popup, 3L, EV 75.0 MPH)
|
| Top of the 6th over - 0 runs, 0 hits, 0 errors, 0 left on base; Chicago 0 - Milwaukee 1 |
| BOTTOM OF THE 6TH |
|
Milwaukee Brewers batting - Pitching for Chicago Cubs : RHP Ryohei Uda
|
|
Pitching: RHP Jose Ramirez
|
|
|
Now at 3B: Adam Kelliher
|
|
|
Now in LF: Seung-ho Zhang
|
|
|
Now in RF: Barend van der Kamp
|
|
|
Batting: LHB Gabe Harvey
|
0-0: Foul Ball, location: 2F 0-1: SOLO HOME RUN (Flyball, 9LD, EV 96.9 MPH), Distance : 348 ft
|
|
Pinch Hitting: RHB Mike Ball
|
0-0: Called Strike 0-1: Ball 1-1: Foul Ball, location: 2F 1-2: Strikes out looking
|
|
Batting: RHB Adrian Rudkilde
|
0-0: Swinging Strike 0-1: Ball 1-1: Foul Ball, location: 2F 1-2: Ball 2-2: Foul Ball, location: 2F 2-2: Fly out, F8 (Line Drive, 8LM, EV 91.2 MPH)
|
|
Batting: RHB Ben Campbell
|
0-0: Called Strike 0-1: DOUBLE (Groundball, 5L, EV 97.5 MPH)
|
|
Pinch Hitting: RHB Kisho Ito
|
0-0: Called Strike 0-1: Foul Ball, location: 2F 0-2: Strikes out looking
|
| Bottom of the 6th over - 1 run, 2 hits, 0 errors, 1 left on base; Chicago 0 - Milwaukee 2 |
| TOP OF THE 7TH |
|
Chicago Cubs batting - Pitching for Milwaukee Brewers : RHP Junzo Yanagisawa
|
|
Now at 3B: Mike Ball
|
|
|
Now at SS: Kisho Ito
|
|
|
Pinch Hitting: RHB Xavier Davis
|
0-0: Called Strike 0-1: Foul Ball, location: 2F 0-2: Ball 1-2: Ball 2-2: Foul Ball, location: 2F 2-2: Strikes out swinging
|
|
Pinch Hitting: SHB Gabriel Cruz
|
0-0: Ball 1-0: Called Strike 1-1: Foul Ball, location: 2F 1-2: Strikes out swinging
|
|
Batting: RHB Francisco Ramirez
|
0-0: Called Strike 0-1: Foul Ball, location: 2F 0-2: Ball 1-2: Strikes out swinging, 2-3 out at first.
|
| Top of the 7th over - 0 runs, 0 hits, 0 errors, 0 left on base; Chicago 0 - Milwaukee 2 |
| BOTTOM OF THE 7TH |
|
Milwaukee Brewers batting - Pitching for Chicago Cubs : RHP Jose Ramirez
|
|
Now at 1B: Gabriel Cruz
|
|
|
Now at 2B: Heef Harted
|
|
|
Now at SS: Xavier Davis
|
|
|
Batting: RHB Joel Haycock
|
0-0: Ball 1-0: Foul Ball, location: 2F 1-1: Ball 2-1: SOLO HOME RUN (Line Drive, 8RXD, EV 109.4 MPH), Distance : 452 ft
|
|
Batting: LHB Alfredo de la Cruz
|
0-0: Ball 1-0: Foul Ball, location: 2F 1-1: Ball 2-1: Ball 3-1: Base on Balls
|
|
Batting: SHB Jamel Wright
|
0-0: Ball 1-0: Ball 2-0: SINGLE (Flyball, 78S, EV 90.0 MPH) Alfredo de la Cruz to second
|
|
Batting: RHB Dave Gonzalez
|
0-0: Ball 1-0: Foul Ball, location: 2F 1-1: Swinging Strike 1-2: Ball 2-2: Foul Ball, location: 2F 2-2: Grounds into double play, 6-4-3 (Groundball, 6, EV 111.2 MPH) Alfredo de la Cruz to third
|
|
Batting: LHB Gabe Harvey
|
0-0: Called Strike 0-1: SINGLE (Line Drive, 8LS, EV 90.0 MPH) Alfredo de la Cruz scores
|
|
Pitching: RHP Miles Edwards
|
|
|
Batting: RHB Mike Ball
|
0-0: Foul Ball, location: 2F 0-1: Fly out, F9 (Flyball, 89S, EV 93.8 MPH)
|
| Bottom of the 7th over - 2 runs, 3 hits, 0 errors, 1 left on base; Chicago 0 - Milwaukee 4 |
| TOP OF THE 8TH |
|
Chicago Cubs batting - Pitching for Milwaukee Brewers : RHP Junzo Yanagisawa
|
|
Pitching: RHP Drew Tollefsen
|
|
|
Batting: LHB Barend van der Kamp
|
0-0: Ground out U3 (Groundball, 34S, EV 85.0 MPH)
|
|
Batting: RHB Heef Harted
|
0-0: Called Strike 0-1: Foul Ball, location: 2F 0-2: Ball 1-2: Foul Ball, location: 2F 1-2: Strikes out looking
|
|
Batting: SHB Seung-ho Zhang
|
0-0: Called Strike 0-1: DOUBLE (Groundball, 3L, EV 102.5 MPH)
|
|
Batting: LHB Mark Ingram
|
0-0: Ball 1-0: Called Strike 1-1: Fly out, F8 (Flyball, 8LXD, EV 102.5 MPH)
|
| Top of the 8th over - 0 runs, 1 hit, 0 errors, 1 left on base; Chicago 0 - Milwaukee 4 |
| BOTTOM OF THE 8TH |
|
Milwaukee Brewers batting - Pitching for Chicago Cubs : RHP Miles Edwards
|
|
Batting: RHB Adrian Rudkilde
|
0-0: SINGLE (Groundball, 15S, EV 73.1 MPH) (infield hit)
|
|
Batting: RHB Ben Campbell
|
0-0: Called Strike 0-1: Called Strike 0-2: Strikes out swinging
|
|
Batting: RHB Kisho Ito
|
0-0: Foul Ball, location: 2F 0-1: Ball 1-1: Grounds into double play, 5-4-3 (Groundball, 56S, EV 86.2 MPH)
|
| Bottom of the 8th over - 0 runs, 1 hit, 0 errors, 0 left on base; Chicago 0 - Milwaukee 4 |
| TOP OF THE 9TH |
|
Chicago Cubs batting - Pitching for Milwaukee Brewers : RHP Drew Tollefsen
|
|
Pitching: RHP Timóteo Metzener
|
|
|
Batting: RHB Adam Kelliher
|
0-0: Foul Ball, location: 2F 0-1: Ball 1-1: Called Strike 1-2: Fly out, F8 (Flyball, 8LM, EV 86.9 MPH)
|
|
Batting: RHB Brian Gargis
|
0-0: Ball 1-0: Called Strike 1-1: Ball 2-1: Foul Ball, location: 2F 2-2: Strikes out swinging
|
|
Batting: RHB Xavier Davis
|
0-0: Swinging Strike 0-1: Ball 1-1: Foul Ball, location: 2F 1-2: Strikes out swinging
|
| Top of the 9th over - 0 runs, 0 hits, 0 errors, 0 left on base; Chicago 0 - Milwaukee 4 |
|